 Dungeon Crawl Stone Soup version 0.30-a0-118-ga018f8e90f (webtiles) character file.

Game seed: 3480547898361459973

439 bande the Chopper (level 7, -6/57 (60) HPs)
             Began as a Hill Orc Fighter on Sept 14, 2022.
             Was an Initiate of Beogh.
             Killed by divine providence
             ... invoked by an orc priest
              (11 damage)
             ... on level 4 of the Dungeon.
             The game lasted 00:06:16 (5074 turns).

bande the Chopper (Hill Orc Fighter)                Turns: 5074, Time: 00:06:16

HP:   -6/57 (60)    AC: 12    Str: 19    XL:     7   Next: 1%
MP:   7/7           EV:  5    Int:  8    God:    Beogh [......]
Gold: 109           SH:  5    Dex: 18    Spells: 6/6 levels left

rFire   . . .      SeeInvis .    a - +0 war axe
rCold   . . .      Faith    .    c - +0 buckler
rNeg    . . .      Spirit   .    r - +0 plate armour
rPois   .          Reflect  .    (no helmet)
rElec   .          Harm     .    (no cloak)
rCorr   .          Rampage  .    (no gloves)
Will    .....                    (no boots)
Stlth   ..........               (no amulet)
HPRegen 0.19/turn                p - +6 ring of dexterity
MPRegen 0.10/turn                (no ring)

@: drained
A: no striking features
a: Renounce Religion


You were on level 4 of the Dungeon.
You worshipped Beogh.
Beogh was noncommittal.
You visited 1 branch of the dungeon, and saw 4 of its levels.

You collected 109 gold pieces.

Inventory:

Hand Weapons
 a - a +0 war axe (weapon)
 s - a +0 flail
Armour
 c - a +0 buckler (worn)
 r - a +0 plate armour (worn)
Jewellery
 p - a +6 ring of dexterity (left hand)
Wands
 l - a wand of polymorph (8)
Scrolls
 f - 2 scrolls of identify {unknown}
 i - a scroll of teleportation {unknown}
 j - a scroll of immolation {unknown}
 k - a scroll of vulnerability {unknown}
 m - a scroll of blinking {unknown}
 n - a scroll of fog {unknown}
 u - 3 scrolls of magic mapping {unknown}
 v - a scroll of amnesia {unknown}
 w - a scroll of enchant weapon {unknown}
Potions
 b - a potion of invisibility {unknown}
 e - a potion of heal wounds {unknown}
 g - a potion of flight {unknown}
 h - a potion of magic {unknown}
 o - a potion of mutation {unknown}
 q - 2 potions of curing
 t - a potion of brilliance {unknown}


   Skills:
 + Level 4.6 Fighting
 + Level 6.2 Axes
 + Level 5.0 Armour
 + Level 3.9 Shields
 * Level 2.5 Evocations


You had 6 spell levels left.
You didn't know any spells.
Your spell library was empty.

Dungeon Overview and Level Annotations

Branches:
Dungeon (4/15)
 Temple: D:4-7

Altars:

Shops:
D:1 =


Message History

The orc wizard flickers and vanishes!
Deactivating autopickup; reactivate with Ctrl-A.
The gnoll hits you but does no damage. The orc hits you but does no damage.
The wight hits you with a +2 falchion. You block the adder's attack.
You barely miss the wight. You closely miss the orc. You barely miss the adder.
You hit the gnoll. The adder bites you. You block the gnoll's attack.
The gnoll hits you but does no damage. The orc hits you but does no damage.
The wight hits you with a +2 falchion.
You feel drained.
Unknown command.
You slash the wight!
The wight is heavily damaged.
You hit the adder. You barely miss the gnoll. You closely miss the orc.
The adder barely misses you. The wight barely misses you.
You block the gnoll's attack.
The gnoll hits you from afar with a +0 spear.
The orc hits you with a +0 dagger. The adder bites you but does no damage.
You hit the wight but do no damage.
The wight is heavily damaged.
You barely miss the orc. You slash the adder!
You kill the adder!
Beogh accepts your kill.
You hit the gnoll but do no damage. The gnoll hits you with a +0 club.
* * * LOW HITPOINT WARNING * * *
The gnoll hits you from afar with a +0 spear.
* * * LOW HITPOINT WARNING * * *
You hear some strange, mumbled words.
Something tries to affect you, but you resist.
The orc barely misses you.
The orc priest looks satisfied for a moment.
You block the wight's attack. The wight hits you with a +2 falchion.
* * * LOW HITPOINT WARNING * * *
You feel drained.
* * * LOW HITPOINT WARNING * * *
The gnoll barely misses you. x2; The orc hits you with a +0 dagger.
* * * LOW HITPOINT WARNING * * *
The orc barely misses you.
The orc priest calls down the wrath of Beogh upon you.
Beogh smites you!
You die...
Beogh appreciates the orc priest's killing of a heretic priest.

...... .g..8.#
....... .......
....w.. ..>..{g
#
.....oo###..#+
....8.g@z....+
......##o......
.###. ....... #
......# .....##
....... .......
......$


You could see a wight, an orc priest, 3 gnolls, a dart slug and 2 orcs.

Vanquished Creatures
  A scorpion (D:3)
  2 wights
  An iguana (D:4)
  Terence (D:3)
  4 gnolls
  9 adders
  An ufetubus (D:4)
  4 worms
  3 dart slugs
  An orc (D:3)
  8 bats
  6 endoplasms
  3 giant cockroaches
  10 hobgoblins
  13 jackals
  6 quokkas
  3 ball pythons
  2 frilled lizards (D:2)
  14 goblins
  A kobold (D:3)
  3 rats
96 creatures vanquished.

Vanquished Creatures (others)
  An orc priest (D:4)
  A kobold (D:4)
2 creatures vanquished.

Grand Total: 98 creatures vanquished

Notes
Turn   | Place    | Note
-------+----------+-------------------------------------------
     0 | D:1      | bande the Hill Orc Fighter began the quest for the Orb.
     0 | D:1      | Reached XP level 1. HP: 19/19 MP: 1/1
   232 | D:1      | Reached XP level 2. HP: 14/27 MP: 2/2
   506 | D:1      | Reached skill level 3 in Axes
   645 | D:1      | Reached XP level 3. HP: 33/33 MP: 3/3
  1076 | D:1      | Found Kagik's Jewellery Boutique.
  1854 | D:2      | Reached XP level 4. HP: 40/40 MP: 4/4
  1859 | D:2      | Found a faded altar of an unknown god.
  1884 | D:2      | Reached skill level 1 in Evocations
  2008 | D:2      | Reached skill level 4 in Axes
  3156 | D:2      | Reached XP level 5. HP: 44/46 MP: 5/5
  3583 | D:3      | Noticed Terence
  3590 | D:3      | Killed Terence
  4223 | D:3      | Reached skill level 5 in Axes
  4594 | D:3      | Reached XP level 6. HP: 44/53 MP: 6/6
  4857 | D:4      | Became a worshipper of Beogh the Brigand
  4877 | D:3      | Reached skill level 6 in Axes
  4877 | D:3      | Reached skill level 5 in Armour
  4877 | D:3      | Reached XP level 7. HP: 21/60 MP: 7/7
  5074 | D:4      | Killed from afar by an orc priest

Illustrated notes

Levels and vault maps discovered:
D:1:      ebering_hopf_link, layout_loops_ring, serial_shops, nicolae_shop_trees
D:2:      layout_rooms, hellmonk_ecumenical_altar_crossroads
D:3:      layout_loops_corners, uniq_terence
D:4:      minmay_diamond_boxcup, layout_basic, cheibrodos_ashenzari_chains,
          portal_sewer_entry_a, serial_shops, nicolae_diamond_shop,
          grunt_decor_arrowhead, solitary_fountain, minivault_11, st_stairs_1

Skill      XL: |  1  2  3  4  5  6 |
---------------+-------------------+-----
Axes           | 3 4 5 6 |  6.2
Fighting       | 4 |  4.6
Armour         | 4 5 |  5.0
Evocations     | 1 2 |  2.5
Shields        | |  3.9

Action                   |  1- 3 |  4- 6 |  7- 9 || total
-------------------------+-------+-------+-------++-------
Melee: War axe           |   123 |   147 |     8 ||   278
Invok: Convert to Beogh  |       |     1 |       ||     1
  Use: Potion            |       |     1 |       ||     1
Armor: Scale mail        |    64 |    26 |       ||    90
       Plate armour      |       |    71 |    13 ||    84
Dodge: Dodged            |    69 |    66 |     6 ||   141
Block: Buckler           |    26 |    46 |     9 ||    81

Table legend: (Time is in decaauts)
 A = Elapsed time spent in this place.
 B = Non-inter-level travel time spent in this place.
 C = Inter-level travel time spent in this place.
 D = Time resting spent in this place.
 E = Time spent auto-exploring this place.
 F = Levels seen in this place.
 G = Mean time per level.
                   A        B        C        D        E       F      G
               +--------+--------+--------+--------+--------+-----+--------+
         Total |   5174 |   5157 |     17 |   2056 |   2350 |   4 | 1293.5 |
       Dungeon |   5174 |   5157 |     17 |   2056 |   2350 |   4 | 1293.5 |
               +--------+--------+--------+--------+--------+-----+--------+

Top non-repeatable levels by time:
     D:1: 2696 daAuts
     D:3: 1518 daAuts
     D:2: 934 daAuts
     D:4: 25 daAuts
